 Dungeon Sprint DCSS version 0.30.1-9-gdf580d7c3d (webtiles) character file.

Game seed: 17554669051644503418

648 Heoruswealwe the Spear-Bearer (level 7, -31/72 HPs)
             Began as a Minotaur Fighter on Oct 19, 2023.
             Was an Initiate of Gozag.
             Annihilated by a large slime creature (38 damage)
             ... in the Dungeon (Sprint IX: "|||||||||||||||||||||||||||||").
             The game lasted 00:01:26 (369 turns).

Heoruswealwe the Spear-Bearer (Minotaur Fighter)     Turns: 369, Time: 00:01:27

Health: -31/72     AC:  8    Str: 22    XL:     7   Next: 27%
Magic:  6/6        EV:  9    Int:  5    God:    Gozag
Gold:   108        SH:  0    Dex: 10    Spells: 6/6 levels left

rFire   . . .        a - +0 trident
rCold   . . .        d - +0 buckler
rNeg    . . .        c - +0 scale mail
rPois   .            (helmet restricted)
rElec   .            (no cloak)
rCorr   .            (no gloves)
SInv    .            (no boots)
Will    .....        (no amulet) Stlth
                     (no ring)
HPRegen 0.32/turn    (no ring)
MPRegen 0.10/turn

%: no teleportation
@: confused
A: horns 2, retaliatory headbutt
a: Renounce Religion, Potion Petition, Call Merchant, Bribe Branch


You were in the Dungeon.
You worshipped Gozag.
Gozag was aware of your devotion.
You visited 1 branch You collected 108 gold pieces.

Inventory:

Hand Weapons
 a - a +0 trident (weapon)
Armour
 c - a +0 scale mail (worn)
 d - a +0 buckler (worn)
Jewellery
 k - a +3 ring of dexterity
 l - a +2 ring of protection
Wands
 h - a wand of quicksilver (10)
Scrolls
 j - 2 scrolls of blinking
Potions
 b - a potion of might
 e - 4 potions of curing
 f - 3 potions of heal wounds
 g - a potion of haste
 i - a potion of berserk rage


   Skills:
 + Level 10.2 Fighting
 * Level 13.4 Polearms
 + Level 10.2 Armour
 - Level 3.6 Shields


You had 6 spell levels left.
You didn't know any spells.
Your spell library was empty.

Dungeon Overview and Level Annotations

Branches:
Dungeon (1/1)

Altars:
Cheibriados
Dithmenos
Elyvilon
Fedhas
Gozag
Hepliaklqana
Kikubaaqudgha
Makhleb
Nemelex Xobeh
Okawaru
Qazlal
Ru
Sif Muna
Trog
Uskayaw
Vehumet
Wu Jian
Xom
Yredelemnul
Zin
The Shining One
Jiyva
Lugonu


Innate Abilities, Weirdness & Mutations

You have a pair of horns on your head.
You reflexively headbutt those who attack you in melee.


Message History

A yak, a vampire mosquito, an entropy weaver, a purple ugly thing and 2 slime creatures come into view.
The yak bellows!
The entropy weaver shouts!
The purple ugly thing gurgles horribly!
The slime creature quivers. x2
You puncture the slime creature! You headbutt the slime creature!
The slime creature is heavily wounded.
Two slime creatures merge to form a large slime creature.
You hit the large slime creature.
The large slime creature is moderately wounded.
You hit the large slime creature.
The large slime creature is moderately wounded.
The entropy weaver changes into a shapeshifter!
You hit the large slime creature. You headbutt the large slime creature!
The large slime creature is moderately wounded.
The shapeshifter changes into a golden eye!
The large slime creature hits you!!!
Ouch! That really hurt!
You hit the large slime creature. You headbutt the large slime creature!
The large slime creature is heavily wounded.
The golden eye blinks at you.
You are confused.
The golden eye blinks at you. You resist with almost no effort.
You're too confused to move!
The large slime creature completely misses you.
The golden eye blinks at you.
You are more confused.
You bump into the unnaturally hard rock wall.
The large slime creature hits you but does no damage.
You're too confused to move!
The large slime creature barely misses you.
You puncture the large slime creature!
The large slime creature is heavily wounded.
The large slime creature hits you!!
* * * LOW HITPOINT WARNING * * *
You bump into the unnaturally hard rock wall.
The large slime creature hits you!!!
Ouch! That really hurt!
You die...
Your body crumbles into a pile of gold.

▓.▓
▓.▓
▓.▓
▓Y▓
▓y▓
▓G▓
▓u▓
▓J▓
$
▓@▓
$
▓)▓
$ $
▓$▓
$
▓$▓
$
▓$▓
▓$▓
$
▓.▓
▓.▓
$
▓[▓


You could see a purple ugly thing, a large slime creature, a yak, a vampire
mosquito and a golden eye shaped shifter.

Vanquished Creatures
  2 yaks (D)
  A water moccasin (D)
  A centaur (D)
  A wight (D)
  A howler monkey (D)
  A hound (D)
  2 orc wizards (D)
  2 adders (D)
  A bat (D)
  An endoplasm (D)
  A goblin (D)
  A jackal (D)
  A rat (D)
16 creatures vanquished.

Notes
Turn   | Place    | Note
-------+----------+-------------------------------------------
     0 | D        | Heoruswealwe the Minotaur Fighter began the quest for the
                  | Orb.
     0 | D        | Reached XP level 1. HP: 19/19 MP: 0/0
     7 | D        | Reached skill level 3 in Polearms
    19 | D        | Noticed a water moccasin
    19 | D        | Noticed a howler monkey
    19 | D        | Noticed a hound
    26 | D        | Reached skill level 4 in Polearms
    26 | D        | Reached XP level 2. HP: 28/28 MP: 1/1
    29 | D        | Reached skill level 5 in Fighting
    29 | D        | Reached skill level 5 in Polearms
    35 | D        | Reached skill level 6 in Polearms
    35 | D        | Reached skill level 5 in Armour
    35 | D        | Reached XP level 3. HP: 37/37 MP: 2/2
    45 | D        | Reached skill level 7 in Polearms
    45 | D        | Reached XP level 4. HP: 27/45 MP: 3/3
    47 | D        | Killed a water moccasin
    48 | D        | Reached skill level 9 in Polearms
    48 | D        | Reached XP level 5. HP: 33/53 MP: 4/4
    54 | D        | Found a snail-covered altar of Cheibriados.
    54 | D        | Found a shadowy altar of Dithmenos.
    54 | D        | Found a white marble altar of Elyvilon.
    54 | D        | Found a blossoming altar of Fedhas.
    54 | D        | Found an opulent altar of Gozag.
    55 | D        | Found a hazy altar of Hepliaklqana.
    56 | D        | Found a viscous altar of Jiyva.
    57 | D        | Found an ancient bone altar of Kikubaaqudgha.
    58 | D        | Found a corrupted altar of Lugonu.
    59 | D        | Found a burning altar of Makhleb.
    60 | D        | Found a sparkling altar of Nemelex Xobeh.
    61 | D        | Found an iron altar of Okawaru.
    62 | D        | Became a worshipper of Gozag Ym Sagoz the Greedy
    63 | D        | Found a stormy altar of Qazlal.
    64 | D        | Found a sacrificial altar of Ru.
    65 | D        | Found a shimmering blue altar of Sif Muna.
    66 | D        | Found a bloodstained altar of Trog.
    67 | D        | Found a hide-covered altar of Uskayaw.
    68 | D        | Found a radiant altar of Vehumet.
    69 | D        | Found an ornate altar of the Wu Jian Council.
    70 | D        | Found a shimmering altar of Xom.
    71 | D        | Found a basalt altar of Yredelemnul.
    72 | D        | Found a glowing silver altar of Zin.
    73 | D        | Found a glowing golden altar of the Shining One.
    97 | D        | Noticed a centaur
    97 | D        | Noticed a yak
    97 | D        | Noticed a yak
   101 | D        | Killed a yak
   102 | D        | Reached skill level 11 in Polearms
   102 | D        | Reached XP level 6. HP: 55/62 MP: 5/5
   112 | D        | Reached skill level 12 in Polearms
   126 | D        | Killed a yak
   127 | D        | Reached XP level 7. HP: 31/71 MP: 6/6
   130 | D        | Reached skill level 13 in Polearms
   133 | D        | HP: 1/71 [centaur (6)]
   138 | D        | Reached skill level 10 in Fighting
   138 | D        | Reached skill level 10 in Armour
   358 | D        | Noticed a yak
   358 | D        | Noticed a vampire mosquito
   358 | D        | Noticed an entropy weaver
   358 | D        | Noticed a purple ugly thing
   358 | D        | Noticed a slime creature
   358 | D        | Noticed a slime creature
   361 | D        | an entropy weaver changed into a shapeshifter
   361 | D        | Noticed a shapeshifter (shapeshifter)
   362 | D        | a shapeshifter changed into a golden eye
   362 | D        | Noticed a golden eye (shapeshifter)
   369 | D        | Annihilated by a large slime creature

Illustrated notes

Levels and vault maps discovered:
D:        linesprint [early_d, line_temple, items_1, d_10, items_2, lair_1,
          lair_end, items_3, orc_1, orc_end, items_4, d_15, swamp_1, shoals_1,
          snake_1, spider_1, d_20, vaults_1, items_5, swamp_end, shoals_end,
          snake_end, spider_end, vaults_end, d_27, items_6, zot_1, zot_end,
          crypt_end, forest_end, elf_end, slime_end, tomb_end, abyss_end,
          pan_hell_end]

Skill      XL: |  1  2  3  4  5  6  7 |
---------------+----------------------+-----
Polearms       | 4 6 7 9 11 12 13 | 13.4
Fighting       | 4 5 6 7 8 9 10 | 10.2
Armour         | 4 5 6 7 8 9 10 | 10.2
Shields        | |  3.6

Action                     |  1- 3 |  4- 6 |  7- 9 || total
---------------------------+-------+-------+-------++-------
  Melee: Trident           |    30 |    30 |    11 ||    71
         Headbutt          |     5 |     8 |     4 ||    17
    Use: Potion            |     1 |       |       ||     1
 Armour: Scale mail        |    12 |     5 |     3 ||    20
  Dodge: Dodged            |    13 |     7 |     8 ||    28
  Block: Buckler           |     6 |     4 |     2 ||    12
